Map: 데스오라 - 래더

Players

cure - Winner!

  • Race: Terran Terran
  • Spawn Location: 11:00

MaxPax

  • Race: Protoss Protoss
  • Spawn Location: 5:00

Event: StayAtHome Story Cup #3

VOD

Have the link to the VOD?

Description

Time

  • Played on: March 12, 2021, 8:11 a.m.
  • Length: 9:22

All games in this series

Show
View Real Time Build Order
Export as new Build Order

cure Terran - Winner!

Build Orders: Reaper Expand 

Get SALT Encoding   

  12  0:00  SCV  
  13  0:12  SCV  
  14  0:17  Supply Depot  
  14  0:24  SCV  
  15  0:39  SCV  
  15  0:41  Barracks  
  16  0:42  Refinery  
  16  0:51  SCV  
  17  1:03  SCV  
  18  1:15  SCV  
  19  1:27  Orbital Command  
  19  1:28  Reaper  
  20  1:39  Command Center  
  20  1:54  SCV  
  21  1:59  Supply Depot  
  21  2:00  Marine  
  22  2:02  Bunker  
  22  2:07  SCV  
  23  2:13  Factory  
  23  2:20  SCV, Marine  
  25  2:31  Bunker  
  25  2:34  SCV  
  26  2:38  Marine  
  27  2:46  SCV  
  27  2:50  Refinery  
  27  2:56  Orbital Command, Marine  
  27  2:58  SCV  
  29  3:01  Factory Tech Lab  
  29  3:10  SCV  
  30  3:14  Marine  
  31  3:20  Cyclone  
  31  3:22  SCV  
  35  3:29  Supply Depot  
  35  3:30  Supply Depot  
  35  3:32  Orbital Command  
  36  3:35  Mag-Field Accelerator  
  36  3:42  SCV  
  36  3:55  Starport  
  36  4:00  Marine  
  36  4:01  Cyclone  
  36  4:02  SCV  
  41  4:14  SCV  
  41  4:18  SCV, Marine  
  43  4:33  Cyclone  
  43  4:34  Viking  
  43  4:35  SCV x2, Supply Depot  
  43  4:36  Marine  
  51  4:44  Supply Depot  
  51  4:47  SCV x2  
  53  5:01  SCV  
  53  5:02  SCV, Barracks  
  53  5:04  Barracks Reactor, Supply Depot  
  55  5:08  Siege Tank  
  55  5:11  Barracks  
  58  5:18  Viking  
  58  5:21  SCV x2  
  61  5:25  Barracks  
  62  5:37  SCV  
  62  5:38  SCV  
  62  5:41  Cyclone, Marine x2  
  69  5:53  SCV  
  69  5:54  SCV  
  69  5:56  Viking, Supply Depot  
  73  6:03  Marine x2  
  74  6:06  SCV x2  
  74  6:08  Barracks Tech Lab  
  76  6:20  Marine  
  76  6:21  Marine x2  
  76  6:24  Orbital Command  
  79  6:26  SCV  
  79  6:31  Refinery  
  79  6:32  Supply Depot  
  80  6:37  Marine, Stimpack  
  80  6:38  SCV  
  82  6:40  Starport Reactor  
  81  6:50  SCV x2, Factory Reactor  
  83  6:57  Marine x3  
  83  7:00  Engineering Bay  
  85  7:02  SCV x2  
  86  7:10  Supply Depot x2  
  86  7:14  SCV x2, Marine  
  86  7:15  Marine x2  
  88  7:26  SCV  
  88  7:27  SCV  
  85  7:31  Missile Turret  
  81  7:38  SCV, Marine x4  
  81  7:39  SCV, Missile Turret  
  87  7:45  Missile Turret  
  87  7:49  Medivac x2, Combat Shield  
  87  7:50  SCV  
  87  7:51  SCV  
  89  8:03  SCV x2, Marine x4  
  95  8:06  Refinery  
  95  8:08  Widow Mine  
  95  8:09  Widow Mine  
  99  8:14  Supply Depot  
  99  8:15  SCV x2  
  99  8:16  Supply Depot  
  101  8:24  Command Center  
  101  8:27  SCV, Marauder, Marine  
  104  8:29  Concussive Shells  
  104  8:32  Marauder  
  104  8:33  Marine  
  108  8:37  Widow Mine  
  108  8:40  Widow Mine  
  112  8:43  Medivac  
  114  8:49  Supply Depot  
  114  8:51  Marauder  
  114  8:54  Marauder  
  118  8:55  Marine  
  118  8:57  Marine  
Show
View Real Time Build Order
Export as new Build Order

MaxPax Protoss 

Build Orders: Proxy Void Ray 

Get SALT Encoding   

  12  0:09  Pylon  
  12  0:15  Probe  
  13  0:28  Gateway  
  13  0:29  Probe (Chrono Boost)  
  14  0:39  Probe (Chrono Boost)  
  14  0:40  Assimilator  
  15  0:44  Probe (Chrono Boost)  
  16  0:56  Probe  
  17  0:57  Assimilator  
  17  1:08  Probe  
  18  1:15  Zealot, Cybernetics Core  
  20  1:21  Probe  
  21  1:32  Pylon  
  21  1:35  Probe  
  22  1:51  Stargate, Adept (Chrono Boost)  
  24  1:58  Probe  
  25  2:12  Shield Battery  
  25  2:16  Adept  
  27  2:26  Shield Battery  
  27  2:28  Void Ray (Chrono Boost)  
  29  2:45  Shield Battery  
  29  2:54  Shield Battery  
  29  3:18  Pylon  
  29  3:25  Adept  
  29  3:26  Warp Gate  
  31  3:30  Shield Battery  
  31  3:33  Void Ray  
  31  3:36  Probe  
  36  3:49  Probe  
  37  4:01  Probe  
  36  4:12  Nexus  
  36  4:22  Phoenix  
  38  4:31  Pylon  
  38  4:40  Twilight Council  
  38  4:41  Probe  
  39  4:51  Phoenix (Chrono Boost)  
  41  4:56  Probe  
  42  5:08  Probe  
  42  5:09  Phoenix  
  45  5:18  Dark Shrine  
  45  5:20  Probe  
  44  5:30  Probe  
  44  5:31  Charge  
  44  5:32  Probe  
  46  5:37  Phoenix (Chrono Boost)  
  48  5:43  Probe  
  48  5:44  Probe  
  50  5:55  Probe  
  50  5:56  Gateway  
  51  6:03  Phoenix  
  53  6:07  Probe  
  53  6:09  Shield Battery  
  54  6:16  Gateway  
  54  6:17  Probe  
  55  6:19  Probe  
  55  6:20  Zealot  
  58  6:29  Probe  
  58  6:31  Probe  
  60  6:36  Pylon  
  60  6:37  Pylon  
  62  6:45  Pylon  
  62  6:50  Assimilator  
  62  6:55  Probe x2, Dark Templar  
  62  6:56  Dark Templar  
  66  7:07  Probe x2  
  68  7:19  Probe  
  69  7:24  Probe  
  68  7:31  Probe  
  68  7:33  Zealot x3  
  68  7:34  Nexus  
  73  7:40  Forge  
  73  7:41  Pylon  
  73  7:43  Probe  
  74  7:49  Pylon  
  74  7:52  Shield Battery  
  72  7:59  Zealot x2, Sentry  
  72  8:04  Gateway  
  78  8:05  Gateway  
  78  8:06  Gateway  
  78  8:10  Probe  
  78  8:11  Probe  
  80  8:24  Robotics Facility  
  80  8:25  Probe, Shield Battery  
  81  8:27  Probe  
  81  8:36  Pylon  
  81  8:37  Probe  
  81  8:40  Pylon  
  82  8:42  Probe  
  82  8:47  Zealot, Sentry  
  87  8:49  Probe  
  90  8:55  Probe x2  
  90  8:58  Assimilator  
  90  8:59  Assimilator  
  90  9:00  Pylon  
  90  9:04  Zealot x2  
  90  9:08  Zealot x2  
  82  9:13  Zealot  
  82  9:14  Dark Templar  
Tags
 
Add a new tag
Caveats
  • Supply blocks, unpowered buildings, or Contaminate may cause inaccurate times.
  • Supply counts are checked every 10 seconds.